cohdb
Replays
Latest Replays
All Replays
Popular Replays
Top Player Replays
Match Explorer
How It Works
Community
CoH3 Stats
Reddit
Sign in to upload your games and track your stats! →
Sign in with Steam
Match 41723378
Unlisted
Match 41723378
Overview
Messages
Build Orders
End
Construct Barracks
Riflemen Squad
Selects Special Operations Battlegroup
Riflemen Squad
Riflemen Squad
Grenade Package
Selects M29 Weasel with M1 Pack Howitzer
Infantry Support Center
Riflemen Squad
Construct Motor Pool
M8 Greyhound Armored Car
M1918 Browning Automatic Rifles
Engineer Squad
Demolitions Package
M8 Greyhound Armored Car
Selects P-47 Anti-Infantry Loiter
M8 Greyhound Armored Car
M1 Anti-tank Gun Team
M1 Anti-tank Gun Team
Engineer Squad
Selects M4A1 Sherman Whizbang
Selects Raiding Flares
Engineer Squad
M4A1 Sherman Whizbang
Riflemen Squad
ShoulderGuy
Pinhead Larry
REDFORCE
NEP_wilson_NEP
0
0
Comments
sign in to comment!
No comments posted yet!